 Dungeon Crawl Stone Soup version 0.22-a0-596-gfbd32a6 (webtiles) character file.

77 iamserjio the Chopper (level 4, 0/52 HPs)
             Began as a Demonspawn Berserker on July 5, 2018.
             Was a Follower of Trog.
             Killed from afar by an orc wizard (8 damage)
             ... with a puff of flame
             ... on level 4 of the Dungeon.
             The game lasted 00:04:05 (653 turns).

iamserjio the Chopper (Demonspawn Berserker)         Turns: 653, Time: 00:04:05

Health: 0/52       AC:  2    Str: 23    XL:     4   Next: 14%
Magic:  4/4        EV: 12    Int:  9    God:    Trog [*.....]
Gold:   98         SH:  0    Dex: 12    Spells: 3/3 levels left

rFire    . . .     SeeInvis .   j - +0 broad axe
rCold    + . .     Gourm    .   (no shield)
rNeg     . . .     Faith    .   b - +0 animal skin
rPois    .         Spirit   .   (no helmet)
rElec    .         Reflect  .   (no cloak)
rCorr    .         Harm     .   (no gloves)
MR       .....                  (no boots)
Stlth    ..........             (no amulet)
HPRegen  0.17/turn              k - ring of protection from cold
MPRegen  0.09/turn              (no ring)

@: berserking, very quick
A: claws 2, hooves 1
a: Berserk, Renounce Religion


You were on level 4 of the Dungeon.
You worshipped Trog.
Trog was aware of your devotion.
You were near starving.

You visited 1 branch of the dungeon, and saw 4 of its levels.

You collected 98 gold pieces.

Inventory:

Hand Weapons
 a - a +0 hand axe
 j - a +0 broad axe (weapon)
Armour
 b - a +0 animal skin (worn)
Jewellery
 k - a ring of protection from cold (left claw)
Scrolls
 e - 2 scrolls of amnesia {unknown}
 h - 2 scrolls of remove curse {unknown}
 l - a scroll of enchant weapon {unknown}
 m - a scroll of fog {unknown}
 n - a scroll of teleportation {unknown}
Potions
 d - a potion of agility {unknown}
 f - 3 potions of curing {unknown}
 g - a potion of mutation {unknown}
Comestibles
 c - 3 rations
 i - 2 chunks of flesh


   Skills:
 + Level 3.5 Fighting
 * Level 3.7 Axes
 + Level 2.4 Armour
 - Level 1.8 Dodging


You had 3 spell levels left.
You didn't know any spells.
Your spell library was empty.

Dungeon Overview and Level Annotations

Branches:
Dungeon (4/15)
 Temple: D:4-7

Altars:
Ashenzari
Cheibriados
Uskayaw

Annotations:
D:3 1 runed door, epen's ghost, amateur FoCK


Innate Abilities, Weirdness & Mutations

You have very sharp fingernails.
You have large cloven feet.


Message History

You feel yourself moving faster!
You feel mighty!
You are near starving!
The bullfrog skeleton hits you!
* * * LOW HITPOINT WARNING * * *
The bullfrog skeleton barely misses you.
You hit the bullfrog skeleton. You kick the bullfrog skeleton.
The bullfrog skeleton is severely damaged.
The bullfrog skeleton hits you.
* * * LOW HITPOINT WARNING * * *
You slice the bullfrog skeleton!!
You destroy the bullfrog skeleton!
Trog accepts your kill.
You have reached level 4!
You feel clever.
Your demonic ancestry asserts itself...
Your fingernails sharpen.
You barely miss the orc wizard.
You kick the orc wizard, but do no damage.
The orc wizard gestures at you while chanting.
The puff of flame hits you!
You die...

##.. ##..#
....# ...
... #.# #o#
#@# ##'##
##...##
##.....##
##.......##
#.........#
+.........+
#........>#
##.......##


You could see an orc wizard.

Vanquished Creatures
  A bullfrog skeleton (D:4)
  2 adders
  A worm (D:3)
  2 dart slugs
  An orc (D:3)
  A goblin (D:1)
  2 hobgoblins (D:3)
  5 jackals
  A quokka (D:3)
  A ball python (D:2)
  3 bats
  A frilled lizard (D:3)
  A kobold (D:3)
  A rat (D:3)
23 creatures vanquished.

Notes
Turn   | Place    | Note
-------+----------+-------------------------------------------
     0 | D:1      | iamserjio the Demonspawn Berserker began the quest for the Orb.
     0 | D:1      | Reached XP level 1. HP: 18/18 MP: 1/1
    51 | D:2      | Found a shattered altar of Ashenzari.
    75 | D:2      | Found a hide-covered altar of Uskayaw.
    79 | D:2      | Noticed a hand axe
    79 | D:2      | Noticed a hand axe
   126 | D:2      | Gained mutation: You have large cloven feet. [demonic ancestry]
   126 | D:2      | Reached XP level 2. HP: 19/24 MP: 2/2
   196 | D:3      | Found a runed door.
   196 | D:3      | Found a snail-covered altar of Cheibriados.
   197 | D:3      | Noticed epen's ghost (amateur FoCK)
   254 | D:3      | Found a faded altar of an unknown god.
   268 | D:3      | Gained mutation: You have sharp fingernails. [demonic ancestry]
   268 | D:3      | Reached XP level 3. HP: 7/29 MP: 3/3
   652 | D:4      | Gained mutation: You have very sharp fingernails. [demonic ancestry]
   652 | D:4      | Reached XP level 4. HP: 7/35 MP: 4/4
   653 | D:4      | Killed from afar by an orc wizard

Vault maps used:
D:1:      scummos_arrival_star
D:2:      cheibrodos_fertilizer, dancing_weapons_uskayaw,
          ashenzari_conservatory_becter
D:3:      first_ration, ebering_ghost_reflecting_pool,
          chequers_ecumenical_altar_twisty, st_stairs_9, serial_bayou_ford_a,
          kennysheep_slug_shrine
D:4:      minmay_temple_entry_hall, uniq_menkaure

Skill      XL: |  1 |
---------------+----+-----
Axes           | 3 |  3.7
Armour         | 2 |  2.4
Fighting       | |  3.5
Dodging        | |  1.8

Action                   |  1- 3 |  4- 6 || total
-------------------------+-------+-------++-------
Melee: Hand axe          |    32 |       ||    32
       Broad axe         |    22 |     1 ||    23
       Kick              |     8 |     1 ||     9
Invok: Berserk           |     4 |       ||     4
  Eat: Chunk             |     1 |       ||     1
Armor: Animal skin       |    16 |       ||    16
Dodge: Dodged            |    36 |       ||    36

Table legend:
 A = Spawn XP
 B = Non-spawn XP
 C = Spawn XP percentage of total XP
 D = Spawn monster count
 E = Non-spawn monster count
 F = Spawn count percentage of total count
 G = Total turns spent on level
                    A         B        C        D         E        F      G
               +---------+---------+-------+---------+---------+-------+---------
         Total |       0 |     111 |   0.0 |       0 |      23 |   0.0 |   653
               +---------+---------+-------+---------+---------+-------+---------
           D:1 |       0 |       2 |   0.0 |       0 |       1 |   0.0 |    41
           D:2 |       0 |      28 |   0.0 |       0 |       9 |   0.0 |   155
           D:3 |       0 |      38 |   0.0 |       0 |      12 |   0.0 |   398
           D:4 |       0 |      43 |   0.0 |       0 |       1 |   0.0 |    59
               +---------+---------+-------+---------+---------+-------+---------
